 Dungeon Crawl Stone Soup version 0.17-a0-1731-g129c023 (webtiles) character file.

30 hexophile the Ruffian (level 3, -3/20 HPs)
             Began as a Gargoyle Transmuter on Aug 29, 2015.
             Killed by nerve-wracking pain
             ... invoked by Jessica
              (9 damage)
             ... on level 2 of the Dungeon.
             The game lasted 00:02:09 (1266 turns).

hexophile the Ruffian (Gargoyle Transmuter)         Turns: 1266, Time: 00:02:10

Health: -3/20      AC:  5    Str: 13    XL:     3   Next: 20%
Magic:  5/6        EV: 12    Int: 14    God:
Gold:   12         SH:  0    Dex: 10    Spells: 2 memorised, 3 levels left

rFire  . . .     SeeInvis .       - Unarmed
rCold  . . .     Clarity  .     b - +0 robe
rNeg   + . .     SustAt   .     (no shield)
rPois  ∞         Gourm    .     (no helmet)
rElec  +         Spirit   .     (no cloak)
rCorr  .         Warding  .     (no gloves)
rMut   .         Stasis   .     (no boots)
MR     .....                    (no amulet)
Stlth  +.........               (no ring)
                                (no ring)

@: very slightly contaminated, not resistant to hostile enchantments, very
unstealthy
A: negative energy resistance 1, electricity resistance, unbreathing,
petrification resistance, rot immunity, AC +3
a: no special abilities


You were on level 2 of the Dungeon.
You were not hungry.

You visited 1 branch of the dungeon, and saw 2 of its levels.

You collected 12 gold pieces.

Inventory:

Missiles
 a - 12 arrows
 e - 62 stones (quivered)
Armour
 b - a +0 robe (worn)
Scrolls
 g - 2 scrolls of recharging {unknown}
 h - a scroll of magic mapping {unknown}
 i - a scroll of immolation {unknown}
 j - a scroll of identify {unknown}
Potions
 l - a potion of might {unknown}
 n - a potion of ambrosia {unknown}
Books
 c - a book of Changes

   Spells                             Type                      Level
   a - Beastly Appendage              Transmutation                1
   b - Sticks to Snakes               Transmutation                2
   c - Spider Form                    Transmutation/Poison         3
   d - Ice Form                       Ice/Transmutation            4
   e - Blade Hands                    Transmutation                5
Comestibles
 d - a bread ration
 f - a meat ration
 k - a beef jerky
 m - a slice of pizza
 o - a chunk of flesh
 p - a royal jelly


   Skills:
 - Level 1.1 Fighting
 - Level 1.5 Dodging
 + Level 3.4 Unarmed Combat
 + Level 2.0 Spellcasting
 * Level 2.5 Transmutations


You had 3 spell levels left.
You knew the following spells:

 Your Spells              Type           Power        Failure   Level  Hunger
a - Beastly Appendage     Trmt           #.....       10%         1    ##.....
b - Sticks to Snakes      Trmt           #.........   14%         2    ###....


Dungeon Overview and Level Annotations

Branches:
Dungeon (2/15)

Altars:

Annotations:
D:2 Jessica


Innate Abilities, Weirdness & Mutations

You are resistant to torment.
Your stone body is resilient (AC +3).
You are immune to poison.
You resist negative energy.
You are resistant to electric shocks.
You can survive without breathing.
You are immune to petrification.
You are immune to rotting.


Message History

You hit Jessica.
Jessica is heavily wounded.
Jessica hits you but does no damage.
Unknown command.
You closely miss Jessica.
Jessica is heavily wounded.
Jessica misses you.
You hit Jessica.
Jessica is severely wounded.
Jessica hits you.
* * * LOW HITPOINT WARNING * * *
You hit Jessica.
Jessica is almost dead.
Jessica misses you.
Unknown command.
You hit Jessica but do no damage.
Jessica is almost dead.
Jessica gestures at you while chanting. Pain shoots through your body!
You die...

.#..............# ##
................+ ..
................# .#
.#.........<....# "#
.#..............# .#
................# .#
#.#.............##.#
#...####.(.....(..†####.
#.######........@.......#
..>....+..$....@...##.###
..##.###...........# #
.......+...........#
.....###...........#
.....# ...........#
.....# ..........#
.....######+######+#
...........


You could see Jessica.

Vanquished Creatures
  An ooze (D:1)
  A giant gecko (D:2)
  3 bats
  3 giant cockroaches (D:2)
  2 goblins (D:2)
  3 hobgoblins
  4 kobolds
  A quokka (D:2)
  A ball python (D:2)
  A giant cockroach zombie (D:2)
  2 giant newts (D:1)
  2 rats
24 creatures vanquished.

Notes
Turn   | Place    | Note
--------------------------------------------------------------
     0 | D:1      | hexophile the Gargoyle Transmuter began the quest for the Orb.
     0 | D:1      | Reached XP level 1. HP: 12/12 MP: 3/3
   315 | D:1      | Reached XP level 2. HP: 14/16 MP: 5/5
  1123 | D:2      | Learned a level 2 spell: Sticks to Snakes
  1177 | D:2      | Reached XP level 3. HP: 18/20 MP: 6/6
  1255 | D:2      | Noticed Jessica
  1266 | D:2      | Killed from afar by Jessica

Vault maps used:
D:1:      shiori_shiawase
D:2:      led_sif_pool, amethyst_overflow_temple_binary, serial_undead,
          serial_undead_f, serial_undead_a, serial_undead_d, serial_undead_b,
          grunt_ministairs_14, minmay_misc_feat_doors, uniq_jessica

Action                   || total
-------------------------++-------
Melee: Unarmed           ||   101
 Cast: Beastly Appendage ||     9
 Stab: Sleeping          ||     1
  Eat: Chunk             ||     1
